 Dungeon Crawl Stone Soup version 0.28-a0-479-g5baa6b73be (webtiles) character file.

Game seed: 7437592801097179536

121 ryw the Shield-Bearer (level 4, -2/38 HPs)
             Began as a Demigod Fighter on Sept 17, 2021.
             Shot with a stone by a goblin (4 damage)
             ... led by Robin
             ... on level 3 of the Dungeon.
             The game lasted 00:05:38 (2397 turns).

ryw the Shield-Bearer (Demigod Fighter)             Turns: 2397, Time: 00:05:39

Health: -2/38      AC:  3    Str: 21    XL:     4   Next: 48%
Magic:  7/7        EV: 11    Int: 10    God:
Gold:   192        SH:  4    Dex: 13    Spells: 2/4 levels left

rFire   . . .      SeeInvis .   h - +1 falchion (freeze)
rCold   . . .      Faith    .   c - +0 buckler
rNeg    + . .      Spirit   .   l - +0 robe {rN+}
rPois   .          Reflect  .   (no helmet)
rElec   .          Harm     .   (no cloak)
rCorr   .          Rampage  .   o - +0 pair of gloves
Will    .....                   (no boots)
Stlth   +.........              (no amulet)
HPRegen 0.12/turn               (no ring)
MPRegen 0.10/turn               (no ring)

@: no status effects
A: high mp 1, forlorn
a: no special abilities


You were on level 3 of the Dungeon.
You visited 1 branch of the dungeon, and saw 3 of its levels.

You collected 192 gold pieces.

Inventory:

Hand Weapons
 h - a +1 falchion of freezing (weapon)
Missiles
 f - 14 poisoned darts (quivered)
Armour
 b - a +0 scale mail
 c - a +0 buckler (worn)
 l - a +0 robe of positive energy (worn)
 o - a +0 pair of gloves (worn)
Wands
 p - a wand of digging (3)
Scrolls
 e - a scroll of immolation {unknown}
 g - 3 scrolls of enchant weapon {unknown}
 k - a scroll of enchant armour {unknown}
 n - a scroll of identify {unknown}
Potions
 a - a potion of invisibility {unknown}
 d - 2 potions of might
 i - a potion of heal wounds {unknown}
 j - 3 potions of curing {unknown}
 m - a potion of cancellation {unknown}
 q - a potion of haste


   Skills:
 - Level 3.1 Fighting
 * Level 2.8 Long Blades
 - Level 3.1 Armour
 + Level 1.0 Dodging
 + Level 3.2 Shields
 + Level 0.6 Spellcasting
 + Level 0.5 Summonings


You had 2 spell levels left.
You knew the following spells:

 Your Spells              Type           Power      Damage    Failure   Level
a - Call Imp              Summ           1%         N/A       43%         2

Your spell library contained the following spells:

 Spells                   Type           Power      Damage    Failure   Level
 Magic Dart               Conj           0%         1d3       36%         1
 Mephitic Cloud           Conj/Pois/Air  0%         N/A       75%         3
 Summon Forest            Summ/Tloc      0%         N/A       100%        5
 Summon Mana Viper        Hex/Summ       0%         N/A       100%        5
 Summon Cactus Giant      Summ           0%         N/A       100%        6


Dungeon Overview and Level Annotations

Branches:
Dungeon (3/15)

Annotations:
D:3 Robin


Innate Abilities, Weirdness & Mutations

Your attributes grow dramatically as you level up.
You have an increased reservoir of magic. (+10% MP)
You shall have no god before yourself.


Message History

The goblin misses you. Robin throws the goblin at you!
You closely miss the goblin. The goblin hits you but does no damage.
The goblin unwields a +0 hunting sling.
The goblin wields a +0 club.
The goblin closely misses you. The goblin hits you with a +0 club.
The goblin misses you. The goblin hits you with a +0 dagger.
The goblin barely misses you. The goblin hits you with a +0 club.
The goblin closely misses you. Robin throws the goblin at you!
The goblin unwields a +0 hunting sling.
The goblin wields a +0 dagger.
The goblin barely misses you. The goblin closely misses you.
The goblin hits you with a +0 dagger.
The goblin no longer looks unusually strong.
Robin roars a battlecry!
The goblin goes into a battle-frenzy!
Robin hits you with a +0 short sword.
Robin zaps a wand.
The puff of flame hits you! Robin throws the goblin at you!
The goblin hits you with a +0 club.
* * * LOW HITPOINT WARNING * * *
Things that are here:
a +0 club; a +0 leather armour You closely miss the goblin.
You block Robin's attack. You block the goblin's attack.
Robin roars a battlecry!
The goblins go into a battle-frenzy!
The goblin barely misses you. Robin throws the goblin at you!
* * * LOW HITPOINT WARNING * * *
The goblin hits you with a +0 club.
* * * LOW HITPOINT WARNING * * *
The goblin barely misses you.
You closely miss the goblin.
Robin is no longer moving quickly.
The goblin hits you but does no damage. You block the goblin's attack.
Robin roars a battlecry!
The goblins go into a battle-frenzy!
You closely miss the goblin. The goblin hits you with a +0 dagger.
* * * LOW HITPOINT WARNING * * *
Robin closely misses you.
The goblin unwields a +0 club.
The goblin wields a +0 hunting sling.
The goblin shoots a stone.
The stone hits you.
You die...

+.........+..........#
.........####...######
....... ##..# #. .(...
##.# #.# ... #.##.#
#)# #.#.# #.# #..#
#####.## ##g# ......g#
######.@#
.###...###..ggggg#
.##........g.g####
.###...###.##.#
.####..# #.##.#
...###.###.##.#
......gg.g.##.#
.......######.#
######........#


You could see Robin, a hobgoblin (strong) and 6 goblins.

Vanquished Creatures
  Ijyb (D:3)
  Natasha (D:3)
  An adder (D:2)
  2 orcs (D:3)
  4 ball pythons
  6 endoplasms
  4 giant cockroaches
  8 goblins
  3 hobgoblins
  7 jackals
  4 kobolds
  3 quokkas
  3 bats
  3 frilled lizards (D:1)
  3 rats
53 creatures vanquished.

Vanquished Creatures (others)
  6 toadstools (D:1)
6 creatures vanquished.

Grand Total: 59 creatures vanquished

Notes
Turn   | Place    | Note
-------+----------+-------------------------------------------
     0 | D:1      | ryw the Demigod Fighter began the quest for the Orb.
     0 | D:1      | Reached XP level 1. HP: 18/18 MP: 3/3
   171 | D:1      | Reached XP level 2. HP: 22/26 MP: 4/4
  1080 | D:2      | Reached XP level 3. HP: 31/31 MP: 5/5
  1713 | D:3      | Learned a level 2 spell: Call Imp
  1926 | D:3      | Noticed an orc warrior
  2244 | D:3      | Noticed Natasha
  2248 | D:3      | Killed Natasha
  2249 | D:3      | Reached XP level 4. HP: 38/38 MP: 6/6
  2323 | D:3      | Noticed Ijyb
  2327 | D:3      | Killed Ijyb
  2328 | D:3      | Reached skill level 1 in Dodging
  2369 | D:3      | Noticed Robin
  2397 | D:3      | Shot with a stone by a goblin

Illustrated notes

Levels and vault maps discovered:
D:1:      lemuel_arrival_lava_pool, layout_basic, minmay_gold_behind_fungi
D:2:      layout_basic, hellmonk_ecumenical_altar_leap_of_faith
D:3:      layout_loops_corners, uniq_natasha, uniq_robin, uniq_ijyb

Skill      XL: |  1  2  3  4 |
---------------+-------------+-----
Fighting       | 3 |  3.1
Long Blades    | 2 |  2.8
Armour         | 3 |  3.1
Shields        | 3 |  3.2
Dodging        | 1 |  1.0
Spellcasting   | |  0.6
Summonings     | |  0.5

Action                   |  1- 3 |  4- 6 || total
-------------------------+-------+-------++-------
Melee: Long sword        |    59 |       ||    59
       Falchion          |    61 |    13 ||    74
Throw: Dart              |     3 |     2 ||     5
Armor: Scale mail        |    47 |       ||    47
       Robe              |     2 |     7 ||     9
Dodge: Dodged            |    52 |    15 ||    67
Block: Buckler           |    23 |     3 ||    26

Table legend: (Time is in decaauts)
 A = Elapsed time spent in this place.
 B = Non-inter-level travel time spent in this place.
 C = Inter-level travel time spent in this place.
 D = Time resting spent in this place.
 E = Time spent auto-exploring this place.
 F = Levels seen in this place.
 G = Mean time per level.
                   A        B        C        D        E       F      G
               +--------+--------+--------+--------+--------+-----+--------+
         Total |   2430 |   2377 |     53 |    548 |   1372 |   3 |  810.0 |
       Dungeon |   2430 |   2377 |     53 |    548 |   1372 |   3 |  810.0 |
               +--------+--------+--------+--------+--------+-----+--------+

Top non-repeatable levels by time:
     D:1: 997 daAuts
     D:2: 772 daAuts
     D:3: 660 daAuts
